 Dungeon Crawl Stone Soup version 0.29.0-4-gdea44cf6ec (webtiles) character file.

Game seed: 3653603409701011407

207 qw the Chopper (level 5, 0/30 HPs)
             Began as a Tengu Warper on Aug 28, 2022.
             Succumbed to a kobold brigand's poison
             ... on level 3 of the Dungeon.
             The game lasted 00:00:23 (4137 turns).

qw the Chopper (Tengu Warper)                       Turns: 4137, Time: 00:00:24

Health: 0/30       AC:  3    Str: 13    XL:     5   Next: 85%
Magic:  9/9        EV: 14    Int: 13    God:
Gold:   90         SH:  0    Dex: 14    Spells: 8/8 levels left

rFire   . . .      SeeInvis .   Y - +1 hand axe
rCold   . . .      Faith    .   (no shield)
rNeg    . . .      Spirit   .   b - +0 leather armour
rPois   .          Reflect  .   (helmet restricted)
rElec   .          Harm     .   (no cloak)
rCorr   .          Rampage  .   (no gloves)
Will    .....                   (boots unavailable)
Stlth   +.........              (no amulet)
HPRegen 0.10/turn               (no ring)
MPRegen 0.11/turn               (no ring)

@: lethally poisoned (0 -> -11), flying quickly and evasively, quick
A: beak, talons 3, nimble flight
a: no special abilities


You were on level 3 of the Dungeon.
You visited 1 branch of the dungeon, and saw 3 of its levels.

You collected 90 gold pieces.


Innate Abilities, Weirdness & Mutations

You have a beak for a mouth.
You have claws for feet.
Your magical nature lets you fly swiftly and evasively.


   Skills:
 - Level 2.0 Fighting
 + Level 6.5 Axes
 - Level 1.0 Throwing
 - Level 1.1 Armour
 - Level 2.1 Dodging
 - Level 2.0 Spellcasting
 - Level 2.4 Translocations


You had 8 spell levels left.
You didn't know any spells.
Your spell library contained the following spells:

 Spells                   Type           Power      Damage    Failure   Level
 Blink                    Tloc           14%        N/A       19%         2
 Gell's Gravitas          Tloc           7%         N/A       36%         3
 Lesser Beckoning         Tloc           7%         N/A       36%         3
 Teleport Other           Tloc           7%         N/A       36%         3
 Manifold Assault         Tloc           7%         N/A       98%         5

Inventory:

Hand Weapons
 k - a +0 flail
 Y - a +1 hand axe (weapon)
Missiles
 d - 2 boomerangs (quivered)
Armour
 b - a +0 leather armour (worn)
Scrolls
 e - a scroll of identify
Potions
 a - 3 potions of mutation
 g - a potion of curing
 i - a potion of might
 l - a potion of berserk rage {unknown}
 m - a potion of haste

Dungeon Overview and Level Annotations

Branches:
Dungeon (3/15)

Altars:

Annotations:
D:3 3 runed translucent doors, qw's ghost, amateur TeWr


Message History

Press: ? - help, Q - select action Shift-Dir - straight line, f/p - kobold brigand You throw a boomerang.
The boomerang closely misses the kobold brigand.
The kobold brigand throws a curare-tipped dart.
The curare-tipped dart misses you.
Throw: 2 boomerangs
Press: ? - help, Q - select action Shift-Dir - straight line, f/p - kobold brigand You throw a boomerang.
The boomerang hits the kobold brigand.
The kobold brigand is lightly wounded.
Throw: 2 boomerangs
Press: ? - help, Q - select action Shift-Dir - straight line, f/p - kobold brigand You throw a boomerang.
The boomerang closely misses the kobold brigand.
Throw: 2 boomerangs
Press: ? - help, Q - select action Shift-Dir - straight line, f/p - kobold brigand You throw a boomerang.
The boomerang misses the kobold brigand.
You closely miss the kobold brigand. You peck the kobold brigand.
The kobold brigand is moderately wounded.
The kobold brigand hits you with a +2 dagger of venom.
You are poisoned.
You hit the kobold brigand but do no damage.
Your peck misses the kobold brigand.
The kobold brigand is moderately wounded.
You feel very sick.
The kobold brigand hits you with a +2 dagger of venom.
You are lethally poisoned!
You hit the kobold brigand.
The kobold brigand is moderately wounded.
You feel very sick.
The kobold brigand hits you with a +2 dagger of venom.
You hit the kobold brigand. You claw the kobold brigand.
You peck the kobold brigand.
The kobold brigand is almost dead.
You feel very sick. The kobold brigand closely misses you.
You hit the kobold brigand.
You peck the kobold brigand, but do no damage.
The kobold brigand is almost dead.
You die...

###~~~#####.#
#.......#......## # #~~~~~~~~#
.. ##.########....# #
~~~~~~~~#####K # #.........#.#
# #~~~........
#.#.####..#.#### ####.######.
#.#<# #..#..... #.#
#.#.####..###### #.# #
#.#.......# #.#
#.###...#####)# #.#
#..@K......##.#
###.###########..###.##.######
#.......K.K....>..##.##.......
#....###.......##.##.#########
#....# #......(##.##.##.......
#....# #.......##.##.##.######
#....# ##......+.....##.# #...
#....# #......##...###.# #.##
#....# #......##.......# #.#


You could see a kobold brigand.

Vanquished Creatures
  A kobold brigand (D:3)
  An orc priest (D:3)
  3 adders
  3 dart slugs
  8 orcs
  3 endoplasms
  A giant cockroach (D:1)
  4 goblins
  4 hobgoblins
  7 jackals
  2 quokkas
  7 ball pythons
  5 bats
  2 frilled lizards
  8 kobolds
  6 rats
65 creatures vanquished.

Notes
Turn   | Place    | Note
-------+----------+-------------------------------------------
     0 | D:1      | qw the Tengu Warper began the quest for the Orb.
     0 | D:1      | Reached XP level 1. HP: 12/12 MP: 4/4
     0 | D:1      | 0 ||| qw: Version: 0.1-a-89-g26bdef1
     0 | D:1      | 0 ||| qw: Game counter: 515
     0 | D:1      | 0 ||| qw: Always use a shield: true
     0 | D:1      | 0 ||| qw: God list: Okawaru
     0 | D:1      | 0 ||| qw: Allow faded altars: false
     0 | D:1      | 0 ||| qw: Do Orc after D:15 true
     0 | D:1      | 0 ||| qw: Do second Lair branch before Depths: true
     0 | D:1      | 0 ||| qw: Lair rune preference: random
     0 | D:1      | 0 ||| qw: Plans: Normal
     0 | D:1      | 0 ||| PLANNING D:1-11
   147 | D:1      | Reached XP level 2. HP: 11/17 MP: 6/6
   279 | D:1      | Reached skill level 3 in Axes
   451 | D:1      | 451 ||| Stepping ~*~*~tactically~*~*~ (stealth).
   457 | D:1      | 457 ||| Stepping ~*~*~tactically~*~*~ (stealth).
   562 | D:1      | 562 ||| DROPPING +0 club.
   777 | D:1      | 777 ||| DROPPING +0 whip.
  1064 | D:1      | 1064 ||| READING scroll labelled XOAXKO VECE.
  1065 | D:1      | 1065 ||| READING scroll labelled MUM HITIFI.
  1196 | D:1      | 1196 ||| READING scroll labelled KUAFIM GUEMNOW.
  1197 | D:1      | 1197 ||| READING scroll labelled BAEP ZAATOFY.
  1198 | D:1      | 1198 ||| DRINKING 2 glowing grey potions.
  1199 | D:1      | 1199 ||| DRINKING 2 sapphire potions.
  1200 | D:1      | 1200 ||| DROPPING scroll of blinking.
  1201 | D:1      | 1201 ||| DROPPING potion of flight.
  1284 | D:2      | Reached skill level 4 in Axes
  1284 | D:2      | Reached XP level 3. HP: 19/21 MP: 7/7
  1291 | D:2      | 1291 ||| Stepping ~*~*~tactically~*~*~ (stealth).
  1324 | D:2      | 1324 ||| Stepping ~*~*~tactically~*~*~ (stealth).
  1428 | D:2      | Found a faded altar of an unknown god.
  1431 | D:2      | 1431 ||| Stepping ~*~*~tactically~*~*~ (stealth).
  1777 | D:2      | 1777 ||| Stepping ~*~*~tactically~*~*~ (stealth).
  1779 | D:2      | 1779 ||| Stepping ~*~*~tactically~*~*~ (stealth).
  1780 | D:2      | 1780 ||| Stepping ~*~*~tactically~*~*~ (stealth).
  1945 | D:2      | 1945 ||| Stepping ~*~*~tactically~*~*~ (stealth).
  1947 | D:2      | 1947 ||| Stepping ~*~*~tactically~*~*~ (stealth).
  1980 | D:2      | Reached XP level 4. HP: 26/26 MP: 8/8
  2122 | D:2      | 2122 ||| Stepping ~*~*~tactically~*~*~ (stealth).
  2123 | D:2      | 2123 ||| Stepping ~*~*~tactically~*~*~ (stealth).
  2245 | D:2      | 2245 ||| Stepping ~*~*~tactically~*~*~ (stealth).
  2341 | D:2      | 2341 ||| READING scroll labelled XYUNIE GUTZUV.
  2342 | D:2      | 2342 ||| READING scroll labelled MOKHEZ SADIA.
  2343 | D:2      | 2343 ||| READING scroll labelled JUIR YZEOLA.
  2348 | D:2      | 2348 ||| READING 2 scrolls labelled TOMAMU DYHO.
  2349 | D:2      | 2349 ||| DRINKING 2 murky purple potions.
  2450 | D:2      | 2450 ||| DRINKING 2 fuming dark potions.
  2451 | D:2      | 2451 ||| DROPPING potion of ambrosia.
  2452 | D:2      | 2452 ||| DROPPING scroll of noise.
  2575 | D:3      | 2575 ||| READING scroll labelled NELLUSM OB CIA.
  2576 | D:3      | 2576 ||| READING 3 scrolls of identify.
  2576 | D:3      | 2576 ||| IDENTIFYING fizzy inky potion
  2577 | D:3      | 2577 ||| READING 2 scrolls of identify.
  2577 | D:3      | 2577 ||| IDENTIFYING fuming green potion
  2578 | D:3      | 2578 ||| Stepping randomly (stuck).
  2579 | D:3      | 2579 ||| Stepping ~*~*~tactically~*~*~ (cloud).
  2585 | D:3      | HP: 6/26 [poisoned by you (poison gas)]
  2591 | D:3      | 2591 ||| FLEEEEING.
  2604 | D:3      | 2604 ||| FLEEEEING.
  2605 | D:3      | 2605 ||| FLEEEEING.
  2606 | D:3      | 2606 ||| FLEEEEING.
  2607 | D:3      | 2607 ||| FLEEEEING.
  2608 | D:3      | 2608 ||| FLEEEEING.
  2609 | D:3      | 2609 ||| FLEEEEING.
  2610 | D:3      | 2610 ||| FLEEEEING.
  2611 | D:3      | 2611 ||| FLEEEEING.
  2615 | D:3      | 2615 ||| FLEEEEING.
  2616 | D:3      | 2616 ||| STAIRDANCE
  2893 | D:3      | 2893 ||| STAIRDANCE
  2897 | D:3      | 2897 ||| STAIRDANCE
  2923 | D:3      | Noticed qw's ghost (amateur TeWr)
  2933 | D:3      | 2933 ||| Stepping ~*~*~tactically~*~*~ (stealth).
  2980 | D:3      | Reached skill level 5 in Axes
  2989 | D:3      | 2989 ||| Stepping ~*~*~tactically~*~*~ (stealth).
  2991 | D:3      | 2991 ||| Stepping ~*~*~tactically~*~*~ (stealth).
  2992 | D:3      | 2992 ||| Stepping ~*~*~tactically~*~*~ (stealth).
  3043 | D:3      | 3043 ||| Stepping ~*~*~tactically~*~*~ (stealth).
  3044 | D:3      | 3044 ||| Stepping ~*~*~tactically~*~*~ (stealth).
  3066 | D:3      | Found a runed translucent gate.
  3066 | D:3      | Found a runed translucent gate.
  3066 | D:3      | Found a runed translucent gate.
  3144 | D:3      | 3144 ||| Stepping ~*~*~tactically~*~*~ (stealth).
  3146 | D:3      | 3146 ||| Stepping ~*~*~tactically~*~*~ (stealth).
  3149 | D:3      | Noticed a kobold brigand
  3150 | D:3      | 3150 ||| Stepping ~*~*~tactically~*~*~ (stealth).
  3152 | D:3      | 3152 ||| Stepping ~*~*~tactically~*~*~ (stealth).
  3157 | D:3      | 3157 ||| Stepping ~*~*~tactically~*~*~ (stealth).
  3162 | D:3      | 3162 ||| Stepping ~*~*~tactically~*~*~ (stealth).
  3164 | D:3      | 3164 ||| Stepping ~*~*~tactically~*~*~ (stealth).
  3191 | D:3      | Killed a kobold brigand
  3192 | D:3      | Reached skill level 6 in Axes
  3192 | D:3      | Gained mutation: Your magical nature lets you fly swiftly
                  | and evasively. [Tengu growth]
  3192 | D:3      | Reached XP level 5. HP: 11/30 MP: 9/9
  3246 | D:3      | Noticed a kobold brigand
  3247 | D:3      | 3247 ||| FLEEEEING.
  3385 | D:3      | 3385 ||| Stepping ~*~*~tactically~*~*~ (hiding).
  3387 | D:3      | 3387 ||| Stepping ~*~*~tactically~*~*~ (hiding).
  3388 | D:3      | 3388 ||| Stepping ~*~*~tactically~*~*~ (hiding).
  3465 | D:3      | 3465 ||| Stepping ~*~*~tactically~*~*~ (hiding).
  3590 | D:3      | 3590 ||| FLEEEEING.
  3746 | D:3      | 3746 ||| Stepping ~*~*~tactically~*~*~ (stealth).
  3786 | D:3      | 3786 ||| FLEEEEING.
  3793 | D:3      | 3793 ||| FLEEEEING.
  3794 | D:3      | 3794 ||| FLEEEEING.
  3805 | D:3      | 3805 ||| FLEEEEING.
  3806 | D:3      | 3806 ||| FLEEEEING.
  3807 | D:3      | 3807 ||| FLEEEEING.
  3818 | D:3      | 3818 ||| FLEEEEING.
  3820 | D:3      | 3820 ||| FLEEEEING.
  3821 | D:3      | 3821 ||| FLEEEEING.
  3822 | D:3      | 3822 ||| FLEEEEING.
  3833 | D:3      | 3833 ||| FLEEEEING.
  3842 | D:3      | 3842 ||| STAIRDANCE
  3945 | D:2      | 3945 ||| READING scroll labelled RIEVOG ARUYD.
  3946 | D:2      | 3946 ||| READING 2 scrolls of identify.
  3946 | D:2      | 3946 ||| IDENTIFYING brown potion
  3947 | D:2      | 3947 ||| DROPPING potion of attraction.
  3954 | D:3      | 3954 ||| Stepping ~*~*~tactically~*~*~ (stealth).
  3955 | D:3      | 3955 ||| Stepping ~*~*~tactically~*~*~ (stealth).
  3957 | D:3      | 3957 ||| Stepping ~*~*~tactically~*~*~ (stealth).
  3959 | D:3      | 3959 ||| Stepping ~*~*~tactically~*~*~ (stealth).
  3971 | D:3      | HP: 5/30 [kobold/+0 quarterstaff (7)]
  4135 | D:3      | HP: 5/30 [kobold brigand/+2 dagger of venom (5)]
  4136 | D:3      | HP: 2/30 [poisoned by a kobold brigand]
  4137 | D:3      | Succumbed to a kobold brigand's poison

Levels and vault maps discovered:
D:1:      sevenhm_arrival_forest_fort_small_6, layout_basic, minmay_hexomino_c4
D:2:      layout_basic, hellmonk_ecumenical_altar_pennies_from_heaven,
          minmay_fountain_box
D:3:      cheibrodos_thug_alley, layout_basic, gammafunk_ghost_split

Skill      XL: |  1  2  3  4 |
---------------+-------------+-----
Axes           | 4 6 |  6.5
Fighting       | |  2.0
Throwing       | |  1.0
Armour         | |  1.1
Dodging        | |  2.1
Spellcasting   | |  2.0
Translocations | |  2.4

Action                   |  1- 3 |  4- 6 || total
-------------------------+-------+-------++-------
Melee: Hand axe          |    44 |    86 ||   130
       Kick              |    14 |    22 ||    36
       Peck              |     8 |    19 ||    27
Throw: Boomerang         |    40 |    33 ||    73
  Use: Scroll            |     4 |     9 ||    13
       Potion            |     2 |     2 ||     4
Armor: Leather armour    |    13 |    16 ||    29
Dodge: Dodged            |    17 |    37 ||    54

Table legend:
 A = Non-vault XP
 B = Vault XP
 C = Vault XP percentage of total XP
 D = Non-vault monster count
 E = Vault monster count
 F = Vault count percentage of total count
                 A         B        C        D         E       F
            +---------+---------+-------+---------+---------+-------
      Total |     178 |     119 |  40.1 |      53 |      12 |  18.5
            +---------+---------+-------+---------+---------+-------
        D:1 |      24 |       6 |  20.0 |      15 |       4 |  21.1
        D:2 |      67 |       0 |   0.0 |      23 |       0 |   0.0
        D:3 |      87 |     113 |  56.5 |      15 |       8 |  34.8
            +---------+---------+-------+---------+---------+-------
